 Dungeon Crawl Stone Soup version 0.29.1-15-g9cfb28693d (webtiles) character file.

Game seed: 11911343855695735914

179 Mickster the Cudgeller (level 5, -5/33 HPs)
             Began as a Gargoyle Berserker on Apr 28, 2023.
             Was a Follower of Trog.
             Slain by an ice beast (13 damage)
             ... on level 5 of the Dungeon.
             The game lasted 00:19:35 (2240 turns).

Mickster the Cudgeller (Gargoyle Berserker)         Turns: 2240, Time: 00:19:35

Health: -5/33      AC:  7    Str: 23    XL:     5   Next: 59%
Magic:  0/5        EV: 12    Int:  7    God:    Trog [*.....]
Gold:   210        SH:  0    Dex:  9    Spells: 4/4 levels left

rFire   . . .      SeeInvis .   a - +1 mace
rCold   . . .      Faith    .   (no shield)
rNeg    + . .      Spirit   .   (no body armour)
rPois   ∞          Reflect  .   f - +1 hat
rElec   +          Harm     .   (no cloak)
rCorr   .          Rampage  .   i - +1 pair of gloves {infuse}
Will    .....                   (no boots)
Stlth   +.........              (no amulet)
HPRegen 0.11/turn               (no ring)
MPRegen 0.09/turn               (no ring)

@: no status effects
A: sickness immunity, AC +4, negative energy resistance 1, electricity
resistance, torment resistance 1, petrification resistance
a: Renounce Religion, Berserk


You were on level 5 of the Dungeon.
You worshipped Trog.
Trog was aware of your devotion.
You visited 1 branch of the dungeon, and saw 4 of its levels.

You collected 210 gold pieces.

Inventory:

Hand Weapons
 a - a +1 mace (weapon)
 h - a +0 long sword
Missiles
 k - 2 poisoned darts (quivered)
Armour
 b - a +0 animal skin
 f - a +1 hat (worn)
 g - a +0 leather armour
 i - a +1 pair of gloves of infusion (worn)
 l - a +0 chain mail
Scrolls
 c - 3 scrolls of identify
 e - a scroll of poison
Potions
 d - 2 potions of curing
 j - a potion of invisibility {unknown}


   Skills:
 + Level 4.2 Fighting
 + Level 4.7 Maces & Flails
 + Level 2.4 Armour
 + Level 2.4 Dodging
 + Level 1.2 Stealth


You had 4 spell levels left.
You didn't know any spells.
Your spell library was empty.

Dungeon Overview and Level Annotations

Branches:
Dungeon (5/15)
 Temple: D:4-7

Altars:
Dithmenos
Hepliaklqana


Innate Abilities, Weirdness & Mutations

You are immune to sickness and miasma.
Your stone body is resilient. (AC +4)
You are immune to poison.
You resist negative energy. (rN+)
You are resistant to electric shocks. (rElec)
You are resistant to unholy torment.
You are immune to petrification.


Message History

There are no items here.
As you read the scroll labelled AKUIPS ZAVYDA, it crumbles to dust.
You hear a loud clanging noise!
It was a scroll of noise.
You hear an angry hiss. x2
Found a chain mail.
You see here a +0 chain mail.
l - a +0 chain mail Keep disrobing?
You start removing your armour.
You continue taking off your +0 leather armour. x2
The iguana hisses angrily.
You continue taking off your +0 leather armour. x2
You finish taking off your +0 leather armour.
An iguana is nearby!
The iguana bites you.
You barely miss the iguana.
The iguana bites you but does no damage.
You hit the iguana but do no damage. The iguana bites you!
An ice beast comes into view.
You hit the iguana. Your punch misses the iguana.
The iguana is lightly wounded.
The iguana misses you.
You closely miss the iguana.
The iguana is lightly wounded.
The iguana bites you but does no damage.
You hit the iguana.
The iguana is heavily wounded.
The iguana barely misses you.
You sock the iguana!
The iguana is almost dead.
The iguana misses you. The iguana bites you!
* * * LOW HITPOINT WARNING * * *
You thump the iguana!
You kill the iguana!
Trog accepts your kill. The ice beast hits you.
* * * LOW HITPOINT WARNING * * *
The ice beast freezes you!
You die...

............
............ ##
#.........##...
... ........ ....#
. .... #....#
....#.
.....##....##
#.....
#......Y...###..#
. #..@.......# ..
#.#........###...
###..............
#.............###.
...#....#......#
...###..........#
##. #............#
. #............#
####........##


You could see an ice beast.

Vanquished Creatures
  An ogre (D:2)
  An iguana (D:5)
  An adder (D:2)
  2 dart slugs (D:2)
  2 orcs (D:3)
  6 ball pythons
  4 endoplasms
  5 giant cockroaches
  2 goblins
  4 hobgoblins
  5 jackals (D:2)
  3 kobolds
  2 quokkas (D:1)
  2 bats (D:2)
  5 frilled lizards
  6 rats
51 creatures vanquished.

Vanquished Creatures (others)
  2 fungi (D:5)
2 creatures vanquished.

Grand Total: 53 creatures vanquished

Notes
Turn   | Place    | Note
-------+----------+-------------------------------------------
     0 | D:1      | Mickster the Gargoyle Berserker began the quest for the
                  | Orb.
     0 | D:1      | Reached XP level 1. HP: 14/14 MP: 1/1
   117 | D:1      | Reached XP level 2. HP: 4/19 MP: 2/2
   620 | D:1      | Reached XP level 3. HP: 24/24 MP: 3/3
   937 | D:2      | Reached ** piety under Trog
  1229 | D:2      | Noticed an ogre
  1238 | D:2      | Killed an ogre
  1239 | D:2      | Reached XP level 4. HP: 29/29 MP: 4/4
  1239 | D:2      | Reached XP level 5. HP: 33/33 MP: 5/5
  1671 | D:3      | Reached skill level 1 in Stealth
  2149 | D:3      | Noticed a shadow
  2150 | D:3      | Found a shadowy altar of Dithmenos.
  2151 | D:3      | Found a hazy altar of Hepliaklqana.
  2202 | D:3      | You fall into a shaft and drop 2 floors!
  2202 | D:5      | Entered Level 5 of the Dungeon
  2234 | D:5      | Noticed an ice beast
  2240 | D:5      | Slain by an ice beast

Illustrated notes

Levels and vault maps discovered:
D:1:      dpeg_arrival_concentric_ovals, layout_loops_ring,
          minmay_rat_gold_closets
D:2:      layout_loops_cross, hangedman_decor_peaks_small
D:3:      layout_rooms, marbit_many_paths, riverfiend_overflow_shadow_ancestor,
          chequers_ecumenical_altar_twisty
D:5:      kennysheep_steamy, layout_cave_pools, uniq_duvessa

Skill      XL: |  1  2  3  4  5 |
---------------+----------------+-----
Fighting       | 4 |  4.2
Maces & Flails | 4 |  4.7
Dodging        | 2 |  2.4
Stealth        | 1 |  1.2
Armour         | |  2.4

Action                   |  1- 3 |  4- 6 || total
-------------------------+-------+-------++-------
Melee: Mace              |    77 |    49 ||   126
Invok: Berserk           |     4 |       ||     4
  Use: Scroll            |     5 |     5 ||    10
       Potion            |     3 |     2 ||     5
 Stab: Sleeping          |     2 |     1 ||     3
Armor: Animal skin       |    27 |     6 ||    33
       Leather armour    |       |     7 ||     7
       Skin              |       |     2 ||     2
Dodge: Dodged            |    67 |    33 ||   100
